 Dungeon Crawl Stone Soup version 0.29.1-15-g9cfb28693d (webtiles) character file.

Game seed: 8283405786333323692

6 protoss039 the Digger (level 1, -1/14 HPs)
             Began as a Demonspawn Earth Elementalist on Mar 4, 2023.
             Slain by a jackal (2 damage)
             ... on level 1 of the Dungeon.
             The game lasted 00:00:43 (319 turns).

protoss039 the Digger (DsEE)                         Turns: 319, Time: 00:00:44

Health: -1/14      AC:  3    Str:  8    XL:     1   Next: 75%
Magic:  1/3        EV: 11    Int: 16    God:
Gold:   58         SH:  0    Dex: 13    Spells: 3/4 levels left

rFire   . . .      SeeInvis .   (no weapon)
rCold   . . .      Faith    .   (no shield)
rNeg    . . .      Spirit   .   c - +0 leather armour
rPois   .          Reflect  .   (no helmet)
rElec   .          Harm     .   (no cloak)
rCorr   .          Rampage  .   (no gloves)
Will    .....                   (no boots)
Stlth   ++........              (no amulet)
HPRegen 0.04/turn               (no ring)
MPRegen 0.08/turn               (no ring)

@: flying
A: no striking features
a: no special abilities


You were on level 1 of the Dungeon.
You visited 1 branch of the dungeon, and saw 1 of its levels.

You collected 58 gold pieces.

Inventory:

Armour
 c - a +0 leather armour (worn)
Potions
 a - a potion of flight
 b - a potion of magic


   Skills:
 + Level 0.6 Fighting
 - Level 1.7 Dodging
 - Level 1.7 Stealth
 + Level 2.1 Spellcasting
 - Level 0.8 Transmutations
 + Level 2.8 Earth Magic


You had 3 spell levels left.
You knew the following spells:

 Your Spells              Type           Power      Damage    Failure   Level
a - Sandblast             Erth           20%        2d7       10%         1

Your spell library contained the following spells:

 Spells                   Type           Power      Damage    Failure   Level
 Passwall                 Tmut/Erth      5%         N/A       22%         2
 Stone Arrow              Conj/Erth      12%        3d7       45%         3
 Petrify                  Tmut/Erth      7%         N/A       80%         4


Dungeon Overview and Level Annotations

Branches:
Dungeon (1/15) Zot: 5677

Altars:


Message History

You don't have enough magic to cast this spell.
Unknown command.
Unknown command.
Casting: Sandblast (safe; 10% risk of failure)
Confirm with . or Enter, or press ? or * to list all spells.
You don't have enough magic to cast this spell.
Unknown command.
Unknown command.
You aren't carrying any scrolls.
Unknown command.
Casting: Sandblast (safe; 10% risk of failure)
Confirm with . or Enter, or press ? or * to list all spells.
Aiming: Sandblast (safe; 10% risk of failure)
Press: ? - help, Shift-Dir - straight line, f/p - jackal
Aim: a jackal (heavily wounded, 77% to hit)
The blast of sand misses the jackal.
The blast of sand misses the goblin.
The blast of sand hits the jackal.
You kill the jackal!
The jackal closely misses you. The jackal completely misses you.
The jackal attacks as you move away! The jackal closely misses you.
The jackal bites you. The jackal misses you.
It was a potion of flight.
You feel very buoyant.
You fly up into the air.
The jackal barely misses you.
Unknown command.
The jackal misses you. The jackal closely misses you.
The jackal attacks as you move away! The jackal closely misses you.
The jackal closely misses you. The jackal barely misses you.
You see here a hobgoblin corpse.
The jackal attacks as you move away! The jackal barely misses you.
The jackal misses you. The jackal attacks as you move away!
The jackal bites you.
* * * LOW HITPOINT WARNING * * *
The jackal barely misses you. The jackal attacks as you move away!
The jackal bites you.
* * * LOW HITPOINT WARNING * * *
The jackal attacks as you move away! The jackal bites you.
You die...

###.# #...# ## ##g###
.## #..# ..# ##.## #.#
#####..# #.#########
#####..r..## ..........#
####.hg.g#####
#.#######.###...@#####
#.# #....†..........
#.#######...._##########
#[................#
#######.#########.# #
##...#########.#
####..##..........#
.....###.#######..#
###### #.# #..###


You could see a jackal, 2 goblins and a rat.

Vanquished Creatures
  A ball python (D:1)
  A hobgoblin (D:1)
  2 jackals (D:1)
  A rat (D:1)
5 creatures vanquished.

Notes
Turn   | Place    | Note
-------+----------+-------------------------------------------
     0 | D:1      | protoss039 the Demonspawn Earth Elementalist began the
                  | quest for the Orb.
     0 | D:1      | Reached XP level 1. HP: 13/13 MP: 3/3
    19 | D:1      | Found a faded altar of an unknown god.
   319 | D:1      | Slain by a jackal

Illustrated notes

Levels and vault maps discovered:
D:1:      scummos_arrival_simple_crosswalls, layout_basic,
          basic_ecumenical_altar

Action                   || total
-------------------------++-------
Melee: Unarmed           ||    10
 Cast: Sandblast         ||     8
  Use: Potion            ||     1
Armor: Leather armour    ||     5
Dodge: Dodged            ||    17
